 Seeded DCSS version 0.31.0-12-g77e489cdc1 (webtiles) character file.

Game seed: 13385026439537408086 (custom seed)

149 CInkIbrahim the Changeling (level 5, -1/37 HPs)
             Began as a Merfolk Shapeshifter on Feb 29, 2024.
             Slain by a gnoll
             ... wielding a +0 halberd
              (11 damage)
             ... on level 3 of the Dungeon.
             The game lasted 00:06:48 (1953 turns).

CInkIbrahim the Changeling (Merfolk Shapeshifter)   Turns: 1953, Time: 00:06:48

Health: -1/37      AC:  8    Str: 16    XL:     5   Next: 31%
Magic:  5/5        EV:  8    Int: 10    God:
Gold:   133        SH:  0    Dex: 13    Spells: 4/4 levels left

rFire   . .          .
                       - Unarmed
rCold   . . .        (no shield)
rNeg    . . .        k - +0 chain mail
rPois   .            s - melded +0 helmet
rElec   .            t - melded +0 cloak
rCorr   .            (gloves currently unavailable)
SInv    .            (boots currently unavailable)
Will    .....        (no amulet) Stlth
                     (no ring)
HPRegen 0.26/turn    (no ring)
MPRegen 0.09/turn

%: no passive effects
@: beast-form
A: beast (slay +3), (nimble swimmer 2), mertail
a: Begin Untransformation


You were on level 3 of the Dungeon.
You were a hulking beast.
You visited 1 branch of the dungeon, and saw 3 of its levels.

You collected 133 gold pieces.

Inventory:

Hand Weapons
 f - a +0 spear
 g - a +0 dagger
 l - a +0 heavy hand axe
Missiles
 r - an atropa-tipped dart
Armour
 a - a +0 animal skin
 k - a +0 chain mail (worn)
 s - a +0 helmet (melded)
 t - a +0 cloak (melded)
Magical Staves
 j - a staff of conjuration
Talismans
 c - a beast talisman (active)
 d - a flux talisman
Scrolls
 h - a scroll of teleportation {unknown}
 i - a scroll of identify {unknown}
 m - a scroll of blinking
 o - a scroll of fear {unknown}
 p - a scroll of enchant weapon {unknown}
 q - a scroll of noise {unknown}
Potions
 b - a potion of lignification
 n - a potion of heal wounds {unknown}
 u - a potion of curing {unknown}


   Skills:
 - Level 1.1 Fighting
 - Level 2.6 Dodging
 - Level 4.1 Unarmed Combat
 + Level 6.7 Shapeshifting


You had 4 spell levels left.
You didn't know any spells.
Your spell library contained the following spells:

 Spells                   Type           Power      Damage    Failure   Level
 Ensorcelled Hibernation  Hex/Ice        0%         N/A       100%        2
 Lesser Beckoning         Tloc           0%         N/A       100%        2
 Fugue of the Fallen      Necr           0%         N/A       100%        3
 Gell's Gravitas          Tloc           0%         N/A       100%        3
 Teleport Other           Tloc           0%         N/A       100%        3
 Anguish                  Hex/Necr       0%         N/A       100%        4


Dungeon Overview and Level Annotations

Branches:
Dungeon (3/15)

Altars:

Shops:
D:1 [   D:2 (


Innate Abilities, Weirdness & Mutations

You are a hulking beast.
Your limbs bulge with bestial killing power. (Slay +3)
((You are very nimble when in or above water. (Stealth+, EV+, Speed+++)))
Your lower body shifts to a powerful aquatic tail in water.


Message History

The orc wizard appears confused.
Reactivating autopickup.
You feel a bit more experienced.
The orc wizard seems less confused.
Okay, then.
Throw: 3 darts (atropa)
Press: ? - help, Shift-Dir - straight line, f - gnoll, p - orc wizard
Aim: a gnoll, wielding a +0 halberd (61% to hit, chance to blind on hit: 100%)
You throw an atropa-tipped dart.
The atropa-tipped dart hits the orc wizard.
The orc wizard appears confused.
The orc wizard seems less confused.
Okay, then.
Throw: 2 darts (atropa)
Press: ? - help, Shift-Dir - straight line, f/p - gnoll
Aim: a gnoll, wielding a +0 halberd (63% to hit, chance to blind on hit: 100%)
You throw an atropa-tipped dart. The atropa-tipped dart hits the gnoll.
The gnoll appears confused.
The gnoll seems less confused.
The orc wizard casts a spell at you. The puff of flame hits you!
Things that are here:
a +0 dagger; a +0 robe
Things that are here:
2 curare-tipped darts; a +1 antimagic halberd You hit the orc wizard but do no damage.
The gnoll is no longer blind.
The gnoll hits you with a +0 halberd.
The orc wizard hits you with a +0 dagger.
You hit the orc wizard.
The orc wizard is moderately wounded.
The gnoll hits you with a +0 halberd!
The orc wizard hits you with a +0 dagger.
* * * LOW HITPOINT WARNING * * *
You are too injured to fight recklessly!
You are too injured to fight recklessly!
The gnoll shouts!
You hit the gnoll.
The gnoll is heavily wounded.
The orc wizard hits you but does no damage.
The orc wizard is no longer blind.
The gnoll hits you with a +0 halberd!
You die...

########## #..<.....# #....[...#
#.)h.....# ##g(###### ### ######
#go#
..######..g.###.(################
..'.g.o.........(................
.o######.##...#..#####.####.#####
..# #..#.#.#..# #.# #.# ?.#
#.........# #.# #.# ..#
#....###..## #.####.#####


You could see an orc wizard and 2 gnolls.

Vanquished Creatures
  An orc wizard (D:3)
  2 gnolls
  4 adders
  A ribbon worm (D:2)
  2 dart slugs
  3 orcs
  8 ball pythons
  5 bats
  5 endoplasms
  3 giant cockroaches
  2 hobgoblins
  3 jackals (D:1)
  2 quokkas (D:2)
  2 frilled lizards
  8 goblins
  5 kobolds
  4 rats
60 creatures vanquished.

Notes
Turn   | Place    | Note
-------+----------+-------------------------------------------
     0 | D:1      | CInkIbrahim the Merfolk Shapeshifter began the quest for
                  | the Orb.
     0 | D:1      | Reached XP level 1. HP: 15/15 MP: 1/1
    79 | D:1      | Reached XP level 2. HP: 14/21 MP: 2/2
   114 | D:1      | Found Haqig's Armour Boutique.
   129 | D:1      | Reached skill level 5 in Shapeshifting
   275 | D:1      | Reached XP level 3. HP: 26/26 MP: 3/3
   847 | D:2      | Noticed a +0 bardiche
   847 | D:2      | Noticed a +0 great mace
   847 | D:2      | Found Buacsamate's Weapon Emporium.
   888 | D:2      | Found a faded altar of an unknown god.
   912 | D:2      | Reached XP level 4. HP: 31/32 MP: 4/4
  1247 | D:2      | Reached skill level 6 in Shapeshifting
  1942 | D:3      | Reached XP level 5. HP: 37/37 MP: 5/5
  1953 | D:3      | Slain by a gnoll

Illustrated notes

Levels and vault maps discovered:
D:1:      tarquinn_simple_flora_water_e, layout_rooms, serial_shops,
          nicolae_shop_tiny_statue_garden
D:2:      layout_basic, serial_shops, nicolae_shop_mannequins,
          nicolae_ecumenical_snake_handling
D:3:      layout_basic

Skill      XL: |  1  2  3  4 |
---------------+-------------+-----
Shapeshifting  | 5 6 |  6.7
Unarmed Combat | 4 |  4.1
Fighting       | |  1.1
Dodging        | |  2.6

Action                     |  1- 3 |  4- 6 || total
---------------------------+-------+-------++-------
  Melee: Unarmed           |    32 |    31 ||    63
         Spear             |    58 |       ||    58
         Hand axe          |    10 |    27 ||    37
         Punch             |     3 |     3 ||     6
  Throw: Dart              |       |     7 ||     7
    Use: Scroll            |       |     1 ||     1
   Stab: Sleeping          |     2 |       ||     2
         Distracted        |     1 |       ||     1
 Armour: Animal skin       |    52 |       ||    52
         Chain mail        |    10 |    36 ||    46
         Skin              |       |    19 ||    19
  Dodge: Dodged            |    69 |    47 ||   116
   Form: Beast             |       |     1 ||     1
         Flux              |       |     1 ||     1
